 Dungeon Crawl Stone Soup version 0.20.0-15-g7f486f2 (webtiles) character file.

20612 Angani the Geomancer (level 12, -1/77 HPs)
             Began as a Gargoyle Earth Elementalist on June 27, 2017.
             Was the Champion of Zin.
             Slain by Tutankhamun's ghost (10 damage)
             ... on level 3 of the Lair of Beasts.
             The game lasted 00:36:53 (18973 turns).

Angani the Geomancer (Gargoyle Earth Elementalist) Turns: 18973, Time: 00:36:53

Health: -1/77      AC: 18    Str: 14    XL:     12   Next: 81%
Magic:  17/26      EV: 12    Int: 26    God:    Zin [******]
Gold:   955        SH:  3    Dex: 10    Spells: 16/31 levels left

rFire    . . .     SeeInvis .   A - staff of conjuration
rCold    . . .     Gourm    .   (no shield)
rNeg     + . .     Faith    .   c - +0 robe
rPois    ∞         Spirit   .   w - +2 hat of the Wumpus {Int+5}
rElec    +         Reflect  +   (no cloak)
rCorr    .         Harm     .   y - +2 pair of gloves
MR       .....                  (no boots)
Stlth    +++.......             F - +3 amulet of reflection
Regen    0.3/turn               K - ring "Xaedd" {rPois Str+2 Stlth+}
MPRegen  0.2/turn               e - +3 ring of protection

@: berserk cooldown, very slightly contaminated, slowed, invisible, very slow
A: negative energy resistance 1, electricity resistance, unbreathing,
petrification resistance, rot immunity, AC +8
a: Recite, Vitalisation, Imprison, Sanctuary, Donate Gold, Cure All Mutations,
Renounce Religion


You were on level 3 of the Lair of Beasts.
You worshipped Zin.
Zin was exalted by your worship.
You were not hungry.

You visited 2 branches of the dungeon, and saw 14 of its levels.
You also visited: Bailey.

You collected 1061 gold pieces.
You donated 106 gold pieces to Zin.

Inventory:

Missiles
 r - 142 stones (quivered)
Armour
 c - a +0 robe (worn)
 w - the +2 hat of the Wumpus (worn) {Int+5}
   (You acquired it on level 9 of the Dungeon)

   It affects your intelligence (+5).
 y - a +2 pair of gloves (worn)
Magical Staves
 A - an uncursed staff of conjuration (weapon)
Jewellery
 e - a +3 ring of protection (right hand)
 o - an uncursed ring of ice
 B - an uncursed ring of positive energy
 F - a +3 amulet of reflection (around neck)
 K - the ring "Xaedd" (left hand) {rPois Str+2 Stlth+}
   (You found it on level 3 of the Lair of Beasts)

   [ring of stealth]

   It affects your strength (+2).
   It protects you from poison.
   It makes you more stealthy.
Wands
 i - a wand of paralysis (12/24)
 m - a wand of disintegration (0/24)
 n - a wand of digging (17/24)
 x - a wand of enslavement (23/24)
 G - a wand of enslavement (8/24)
Scrolls
 b - 3 scrolls of fog
 h - 4 scrolls of teleportation
 k - 10 scrolls of remove curse
 p - 2 scrolls of fear
 q - 5 scrolls of enchant weapon
 s - 2 scrolls of magic mapping
 J - 2 scrolls of identify
Potions
 a - 2 potions of magic
 f - a potion of berserk rage
 g - a potion of ambrosia
 j - 3 potions of haste
 l - 4 potions of curing
 t - 2 potions of heal wounds
 v - 2 potions of agility
 z - a potion of might {unknown}
 C - a potion of cancellation {unknown}
 I - a potion of flight {unknown}
 L - a potion of invisibility
Books
 H - a book of Spatial Translocations

   Spells                             Type                      Level
   a - Blink                          Translocation                2
   b - Shroud of Golubria             Charms/Translocation         2
   c - Lesser Beckoning               Translocation                3
   d - Gell's Gravitas                Translocation                3
   e - Teleport Other                 Translocation                3
   f - Passage of Golubria            Translocation                4
Miscellaneous
 u - a fan of gales
Comestibles
 d - 12 bread rations
 D - a royal jelly
 E - 2 meat rations


   Skills:
 - Level 10.1 Fighting
 - Level 1.5 Dodging
 - Level 2.1 Stealth
 - Level 10.2 Spellcasting
 - Level 5.0 Conjurations
 - Level 0.7 Transmutations
 + Level 13.6 Earth Magic
 - Level 10.0 Invocations


You had 16 spell levels left.
You knew the following spells:

 Your Spells              Type           Power        Failure   Level  Hunger
a - Sandblast             Erth           ######       0%          1    None
b - Passwall              Tmut/Erth      ######....   1%          2    None
c - Stone Arrow           Conj/Erth      ######       1%          3    None
d - Petrify               Tmut/Erth      ######..     2%          4    None
e - Lee's Rapid Deconstr  Erth           ######....   1%          5    ####...


Dungeon Overview and Level Annotations

Branches:
Dungeon (11/15)            Temple (0/1) D:4            Lair (3/6) D:11
 Shoals (0/4) Lair:2
  Snake: Lair:2-4    Spider: Lair:2-4       Orc: D:9-12

Altars:
Ashenzari
Elyvilon
Gozag
Hepliaklqana
Makhleb
Okawaru
Qazlal
Trog
Uskayaw
Zin

Annotations:
Lair:3 Tutankhamun's ghost, journeyman BaBe


Innate Abilities, Weirdness & Mutations

You are resistant to torment.
Your stone body is resilient. (AC +8)
You are immune to poison.
You resist negative energy. (rN+)
You are resistant to electric shocks. (rElec)
You can survive without breathing.
You are immune to petrification.
You are immune to rotting.


Message History

Aim: Tutankhamun's ghost, wielding a weapon of chaos (heavily damaged, confused)
You feel a surge of power!
The stone arrow hits Tutankhamun's ghost.
Tutankhamun's ghost is heavily damaged.
Tutankhamun's ghost seems less confused.
Casting: Stone Arrow
Confirm with . or Enter, or press ? or * to list all spells.
Aiming: Stone Arrow
Press: ? - help, Shift-Dir - straight line, f/p - Tutankhamun's ghost
Aim: Tutankhamun's ghost, wielding a weapon of chaos (heavily damaged)
You feel a surge of power!
The stone arrow hits Tutankhamun's ghost.
Tutankhamun's ghost is severely damaged.
Found a stone staircase leading down.
A bullfrog comes into view.
Tutankhamun's ghost stares at you. Tutankhamun's ghost hits you!!
* * * LOW HITPOINT WARNING * * *
Tutankhamun's ghost burns you!
You die...

....##.#.............P#
...#######.##.........#
...# ####........# ...#
#.#........# ....
#.........# ...#
##........## ...#
#......$..# ...#
#...W....## ...#
#...@)...# ...##
#......(...# ....#
###........# ...##
#.F......# ....#
#........P# .....
#>........# .....
............ ##+.#
............. ....


You could see a bullfrog (wandering) and Tutankhamun's ghost.

Vanquished Creatures
  Josephine (D:11)
  2 hydras
  4 two-headed ogres
  Pikel (D:6)
  2 orc knights (Bailey)
  Joseph (D:7)
  2 gargoyles (D:11)
  7 spiny frogs
  A komodo dragon (Lair:3)
  2 rime drakes
  An efreet (D:9)
  A troll (D:11)
  A merfolk (D:11)
  A hippogriff (D:10)
  2 water elementals (D:11)
  5 wraiths (D:11)
  3 yaks (D:11)
  A hungry ghost (D:10)
  Duvessa (D:7)
  4 water moccasins
  4 porcupines
  A black bear (D:6)
  12 orc warriors
  5 sky beasts
  2 ice beasts
  3 slaves (D:6)
  3 phantoms
  3 necrophages
  3 ogres
  3 wolves (D:11)
  A centaur (D:6)
  4 crocodiles
  3 big kobolds (D:11)
  11 bullfrogs
  Dowan (D:7)
  2 scorpions
  A water moccasin skeleton (D:9)
  2 wyvern skeletons
  5 wights (D:11)
  3 electric eels (D:11)
  2 crimson imps
  2 centaur zombies
  5 orc priests
  4 bullfrog zombies
  5 hounds
  2 jellies
  3 bullfrog skeletons
  5 centaur skeletons
  Ijyb (D:4)
  7 iguanas
  7 worker ants
  7 orc wizards
  3 hound zombies
  2 hound skeletons (D:5)
  6 worker ant zombies (D:5)
  2 howler monkey skeletons
  13 adders
  12 gnolls
  2 shadow imps
  2 oozes
  3 adder skeletons
  4 adder zombies
  4 worms
  5 dart slugs
  3 leopard geckos
  46 orcs
  A ball python (D:4)
  7 bats
  3 giant cockroaches
  9 goblins
  3 hobgoblins
  6 jackals
  6 quokkas
  A frilled lizard (D:4)
  4 giant cockroach zombies
  A jackal skeleton (D:5)
  3 jackal zombies
  16 kobolds
  3 leopard gecko skeletons (D:5)
  2 leopard gecko zombies (D:5)
  3 rats
340 creatures vanquished.

Vanquished Creatures (others)
  A jelly (D:7)
  An adder (D:7)
  2 jackals (D:7)
  2 fungi (Lair:2)
6 creatures vanquished.

Grand Total: 346 creatures vanquished

Notes
Turn   | Place    | Note
-------+----------+-------------------------------------------
     0 | D:1      | Angani the Gargoyle Earth Elementalist began the quest for the Orb.
     0 | D:1      | Reached XP level 1. HP: 10/10 MP: 3/3
   141 | D:1      | Reached XP level 2. HP: 15/15 MP: 0/5
   217 | D:1      | Reached skill level 4 in Earth Magic
   670 | D:1      | Reached XP level 3. HP: 19/19 MP: 5/7
   931 | D:2      | Learned a level 2 spell: Passwall
   935 | D:2      | Learned a level 3 spell: Stone Arrow
   950 | D:2      | Found a faded altar of an unknown god.
   960 | D:2      | Became a worshipper of Zin the Law-Giver
   960 | D:2      | Reached * piety under Zin
  1058 | D:2      | Reached ** piety under Zin
  1404 | D:2      | Reached XP level 4. HP: 24/24 MP: 5/8
  1434 | D:2      | Found an opulent altar of Gozag.
  1456 | D:2      | Noticed a dagger
  1456 | D:2      | Found a hide-covered altar of Uskayaw.
  1457 | D:2      | Noticed a hand axe
  1951 | D:2      | Reached skill level 1 in Invocations
  2012 | D:3      | Reached skill level 5 in Earth Magic
  2065 | D:2      | Reached XP level 5. HP: 17/28 MP: 0/10
  3117 | D:4      | Reached XP level 6. HP: 21/32 MP: 0/11
  3277 | D:4      | Reached *** piety under Zin
  3302 | D:4      | Found a staircase to the Ecumenical Temple.
  3309 | D:4      | Noticed Ijyb
  3323 | D:4      | Killed Ijyb
  3323 | D:4      | Reached skill level 6 in Earth Magic
  4626 | D:5      | Entered Level 5 of the Dungeon
  4667 | D:5      | Reached XP level 7. HP: 36/36 MP: 12/12
  4865 | D:5      | Reached skill level 7 in Earth Magic
  4988 | D:5      | Reached skill level 5 in Invocations
  5421 | D:5      | Got an ebony hand axe
  5422 | D:5      | Identified the +6 hand axe of Valuable Assets {drain, *Rage rN+++ Str+2 Dex+3} (You found it on level 5 of the Dungeon)
  5600 | D:5      | Reached skill level 8 in Earth Magic
  5600 | D:5      | Reached XP level 8. HP: 21/41 MP: 6/13
  5952 | D:5      | Reached **** piety under Zin
  6062 | D:5      | Found an iron altar of Okawaru.
  6454 | D:6      | Found a bloodstained altar of Trog.
  6992 | D:6      | Reached skill level 5 in Spellcasting
  7371 | D:6      | Reached XP level 9. HP: 45/45 MP: 13/19
  7448 | D:6      | Reached ***** piety under Zin
  7694 | D:7      | Noticed Pikel
  7823 | D:7      | Found a shattered altar of Ashenzari.
  7823 | D:7      | Found a hazy altar of Hepliaklqana.
  7832 | D:7      | Found a burning altar of Makhleb.
  7832 | D:7      | Found a white marble altar of Elyvilon.
  7834 | D:7      | Noticed Joseph
  8177 | D:6      | Killed Pikel
  8701 | D:6      | Reached skill level 1 in Conjurations
  8894 | D:7      | Killed Joseph
  8894 | D:7      | Reached skill level 9 in Earth Magic
  9316 | D:7      | Noticed Duvessa
  9317 | D:7      | Noticed Dowan
  9322 | D:7      | Killed Duvessa
  9323 | D:7      | Killed Dowan
  9323 | D:7      | Reached XP level 10. HP: 45/50 MP: 6/22
  9565 | D:8      | Learned a level 4 spell: Petrify
  9571 | D:8      | Learned a level 5 spell: Lee's Rapid Deconstruction
  9819 | D:8      | Found a stormy altar of Qazlal.
  9888 | D:8      | Reached skill level 10 in Earth Magic
  9975 | D:8      | Reached skill level 5 in Conjurations
 10185 | D:8      | Noticed a red ugly thing
 10237 | D:9      | Reached skill level 1 in Fighting
 10377 | D:9      | Found a flagged portal.
 10399 | Bailey   | Entered a bailey
 10399 | Bailey   | Noticed an orc knight
 10401 | Bailey   | Noticed an orc knight
 10734 | Bailey   | Killed an orc knight
 10848 | Bailey   | Killed an orc knight
 11316 | D:9      | Identified a scroll of acquirement
 11319 | D:9      | Got a heavily runed hat
 11330 | D:9      | Identified the +2 hat of the Wumpus {Int+5} (You acquired it on level 9 of the Dungeon)
 11629 | D:9      | Reached skill level 5 in Fighting
 11694 | D:9      | Noticed a two-headed ogre
 11700 | D:9      | Killed a two-headed ogre
 11917 | D:9      | Reached XP level 11. HP: 64/64 MP: 18/23
 12145 | D:10     | Entered Level 10 of the Dungeon
 12281 | D:10     | Reached ****** piety under Zin
 12492 | D:10     | Noticed a two-headed ogre
 12632 | D:10     | Killed a two-headed ogre
 13507 | D:10     | Reached skill level 10 in Invocations
 13917 | D:11     | Found a staircase to the Lair.
 14956 | D:11     | Noticed a two-headed ogre
 14961 | D:11     | Killed a two-headed ogre
 15286 | D:11     | Noticed Josephine
 15369 | D:11     | Killed Josephine
 15416 | D:11     | Reached skill level 10 in Spellcasting
 15431 | D:11     | Reached XP level 12. HP: 25/77 MP: 0/26
 15549 | D:11     | Noticed a two-headed ogre
 15566 | D:11     | Killed a two-headed ogre
 15566 | D:11     | Reached skill level 10 in Fighting
 16297 | Lair:1   | Entered Level 1 of the Lair of Beasts
 16302 | Lair:1   | Reached skill level 11 in Earth Magic
 16585 | Lair:1   | Noticed an eight-headed hydra
 16601 | Lair:1   | Killed an eight-headed hydra
 16931 | Lair:1   | Reached skill level 12 in Earth Magic
 17665 | Lair:2   | Found a staircase to the Shoals.
 17941 | Lair:2   | Noticed a six-headed hydra
 17950 | Lair:2   | Killed a six-headed hydra
 17950 | Lair:2   | Reached skill level 13 in Earth Magic
 18769 | Lair:3   | Got a brightly glowing lead ring
 18845 | Lair:3   | Identified the ring "Xaedd" {rPois Str+2 Stlth+} (You found it on level 3 of the Lair of Beasts)
 18944 | Lair:3   | Noticed Tutankhamun's ghost (journeyman BaBe)
 18959 | Lair:3   | Zin protects you from harm!
 18973 | Lair:3   | Slain by Tutankhamun's ghost

Skill      XL: |  1  2  3  4  5  6  7  8  9 10 11 12 |
---------------+-------------------------------------+-----
Earth Magic    | 4 5 6 8 9 10 13 | 13.6
Spellcasting   | 3 6 8 10 | 10.2
Invocations    | 1 3 4 5 6 9 10 | 10.0
Conjurations   | 4 5 |  5.0
Fighting       | 6 9 10 | 10.1
Dodging        | |  1.5
Stealth        | |  2.1
Transmutations | |  0.7

Action                   |  1- 3 |  4- 6 |  7- 9 | 10-12 || total
-------------------------+-------+-------+-------+-------++-------
Melee: Unarmed           |     4 |     3 |    17 |       ||    24
       Flail             |       |   134 |   205 |       ||   339
       Staff             |       |       |    41 |   128 ||   169
 Cast: Sandblast         |    37 |    33 |   106 |   110 ||   286
       Stone Arrow       |       |    22 |    38 |   277 ||   337
       Petrify           |       |       |       |    10 ||    10
       Lee's Rapid Decon |       |       |       |     7 ||     7
Invok: Recite            |       |     3 |     4 |     3 ||    10
Evoke: Wand              |       |       |       |     6 ||     6
  Use: Scroll            |       |     4 |    15 |    12 ||    31
       Potion            |       |       |       |     2 ||     2
 Stab: Sleeping          |       |     1 |     5 |     1 ||     7
       Confused          |       |     1 |       |       ||     1
       Petrified         |       |       |       |     6 ||     6
       Invisible         |       |       |       |     3 ||     3
  Eat: Chunk             |     1 |     7 |     5 |    17 ||    30
       Bread ration      |       |     1 |       |     1 ||     2
       Fruit             |       |     2 |       |     6 ||     8
       Meat ration       |       |       |     2 |       ||     2
       Royal jelly       |       |       |       |     3 ||     3
Armor: Robe              |     2 |    76 |   172 |   135 ||   385
Dodge: Dodged            |    15 |   111 |   248 |   158 ||   532
Block: Other             |       |       |       |     1 ||     1
